AoeStats
← tonytctang

Arena

507435838Analyzed
4v4 RM · 14d ago on Sep 18, 2026· 40m 24s· 8 players
Game mode
Random Map
Map size
Large (8 player)
Population
200
Speed
Normal
Resources
Standard
Victory
Conquest
Starting age
Dark Age
Ending age
Imperial Age
RankedLock teamsTeams togetherTeam positionsShared explorationLock speedFull tech treeHidden civsTurbo modeCheats
Victory
Defeat
🇩🇪 Burgundians · Germany
1359
+9
🇫🇷 Poles · France
1192
+15
🇨🇴 Bengalis · Colombia
1116
+17
🇨🇿 Malay · Czechia
1110
+18
🇹🇼 Italians · Taiwan
1195
-16
🇨🇳 Poles · China
1171
-15
🇭🇰 Saracens · Hong Kong SAR China
1165
-15
🇨🇳 Sicilians · China
1133
-13
tonytctang
7:28 Loom
8:58 Loom
9:02 Loom
9:33 Loom
11:19 Feudal Age
9:36 Loom
11:54 Double-Bit Axe
11:56 Horse Collar
18:22 Castle Age
16:41 Stone Mining
19:33 Bow Saw
19:26 Heavy Plow
23:36 Wheelbarrow
23:15 Forging
23:04 Gold Mining
23:45 Town Watch
26:49 Hand Cart
28:19 Bloodlines
28:09 Husbandry
29:47 Gold Shaft Mining
29:48 Husbandry
31:37 Iron Casting
33:03 Scale Barding Armor
34:48 Chain Barding Armor
38:37 Imperial Age
36:21 Light Cavalry
坐龙椅穿龙袍
10:58 Feudal Age
12:32 Wheelbarrow
14:44 Castle Age
12:59 Horse Collar
14:12 Double-Bit Axe
15:28 Heavy Plow
20:04 Bow Saw
22:03 Wheelbarrow
23:54 Hand Cart
25:01 Gold Mining
26:00 Stone Mining
27:17 Stone Shaft Mining
27:38 Scale Barding Armor
27:44 Forging
31:52 Imperial Age
29:29 Treadmill Crane
30:10 Ballistics
29:55 Town Watch
30:21 Masonry
30:52 Fortified Wall
31:05 Chain Barding Armor
31:21 Iron Casting
33:00 Bloodlines
32:50 Husbandry
32:17 Cavalier
33:31 Lechitic Legacy
33:32 Conscription
33:37 Lechitic Legacy
33:08 Loom
33:56 Crop Rotation
35:03 Blast Furnace
33:33 Light Cavalry
34:31 Fletching
34:23 Winged Hussar
36:41 Bodkin Arrow
38:15 Bracer
40:23 Chemistry
BlueKID
11:14 Feudal Age
11:50 Double-Bit Axe
15:49 Castle Age
14:27 Horse Collar
18:54 Bow Saw
19:04 Heavy Plow
19:46 Stone Mining
20:42 Wheelbarrow
21:11 Gold Mining
27:56 Imperial Age
25:13 Town Watch
25:29 Scale Mail Armor
25:36 Squires
26:16 Loom
26:58 Chain Mail Armor
26:53 Forging
28:11 Hand Cart
29:01 Conscription
29:12 Crop Rotation
29:42 Plate Mail Armor
28:59 Arrowslits
30:13 Fletching
30:51 Masonry
30:37 Murder Holes
31:19 Iron Casting
31:38 Hoardings
33:29 Blast Furnace
32:24 Bodkin Arrow
33:40 Gold Shaft Mining
33:58 Bloodlines
33:08 Light Cavalry
34:41 Husbandry
34:58 Bracer
35:14 Bloodlines
36:48 Elite Serjeant
AZ
0:46 Loom
10:21 Feudal Age
10:54 Double-Bit Axe
10:51 Horse Collar
18:09 Castle Age
16:20 Stone Mining
16:44 Gold Mining
19:35 Bow Saw
20:56 Wheelbarrow
21:46 Heavy Plow
29:05 Imperial Age
26:59 Padded Archer Armor
27:58 Leather Archer Armor
27:52 Fletching
28:51 Hand Cart
29:22 Ballistics
29:17 Bodkin Arrow
30:32 Ring Archer Armor
30:24 Conscription
31:42 Chemistry
VenenoMcc
11:08 Feudal Age
13:44 Wheelbarrow
16:31 Castle Age
15:10 Double-Bit Axe
15:25 Horse Collar
16:35 Stone Mining
16:56 Gold Mining
25:40 Bow Saw
26:35 Loom
28:05 Padded Archer Armor
28:14 Scale Barding Armor
32:16 Imperial Age
30:32 Hand Cart
30:05 Town Watch
30:15 Fletching
31:48 Paiks
32:05 Leather Archer Armor
35:16 Bloodlines
37:12 Chemistry
35:46 Elite Ratha (Ranged)
36:48 Conscription
36:41 Husbandry
37:06 Chain Barding Armor
36:58 Forging
38:40 Bodkin Arrow
39:17 Ring Archer Armor
39:56 Bracer
40:32 Plate Barding Armor
fairoz05329
10:10 Feudal Age
14:44 Castle Age
13:46 Double-Bit Axe
15:58 Bow Saw
20:56 Wheelbarrow
22:08 Gold Mining
23:01 Hand Cart
22:44 Stone Mining
23:09 Horse Collar
24:07 Heavy Plow
27:56 Imperial Age
25:40 Scale Barding Armor
25:46 Forging
26:50 Chain Barding Armor
27:13 Stone Shaft Mining
26:38 Loom
27:25 Szlachta Privileges
28:00 Iron Casting
28:09 Bloodlines
28:22 Cavalier
30:35 Scale Mail Armor
31:41 Husbandry
35:09 Conscription
36:59 Blast Furnace
35:49 Fletching
36:20 Padded Archer Armor
39:00 Crop Rotation
39:05 Bodkin Arrow
39:26 Leather Archer Armor
_JERZY_CZ_
6:04 Loom
10:55 Feudal Age
15:33 Castle Age
13:52 Double-Bit Axe
14:35 Horse Collar
25:47 Gold Mining
25:21 Crossbowman
27:30 Fletching
28:50 Gold Shaft Mining
28:12 Bodkin Arrow
28:19 Padded Archer Armor
29:10 Wheelbarrow
31:00 Ballistics
33:31 Imperial Age
31:18 Hand Cart
33:10 Leather Archer Armor
33:01 Scale Barding Armor
33:19 Conscription
33:18 Bracer
33:23 Scale Barding Armor
32:47 Arbalester
33:34 Thumb Ring
34:03 Bow Saw
34:50 Husbandry
35:25 Ring Archer Armor
37:08 Chemistry
37:19 Siege Engineers
38:39 Town Watch
39:10 Forging
[VYRE] Vantage
6:09 Double-Bit Axe
7:31 Wheelbarrow
9:38 Feudal Age
17:28 Castle Age
16:30 Bow Saw
16:07 Horse Collar
18:18 Forging
17:33 Light Cavalry
20:13 Scale Barding Armor
20:32 Hand Cart
21:02 Heavy Plow
24:15 Gold Mining
29:14 Two-Man Saw
31:26 Imperial Age
29:06 Padded Archer Armor
30:06 Fortified Wall
30:06 Masonry
31:41 Loom
33:33 Chemistry
33:10 Leather Archer Armor
34:17 Chain Barding Armor
36:08 Ballistics
36:19 Architecture
37:49 Squires
Connection lost

Rejoining the realm…

Still unreachable

The connection could not be restored.

Session expired

The server has moved on; the page needs a fresh start.